 Dungeon Crawl Stone Soup version 0.22-a0-21-g9421e3f (webtiles) character file.

107 KristoblXynda the Covered (level 4, -11/42 HPs)
             Began as a Naga Fighter on Jan 2, 2018.
             Mangled by a mummy (14 damage)
             ... on level 4 of the Dungeon.
             The game lasted 00:04:57 (2690 turns).

KristoblXynda the Covered (Naga Fighter)            Turns: 2690, Time: 00:04:58

Health: -11/42     AC:  4    Str: 23    XL:     4   Next: 86%
Magic:  4/4        EV:  6    Int: 10    God:
Gold:   116        SH:  9    Dex: 10    Spells: 3/3 levels left

rFire    . . .     SeeInvis +   a - +1 war axe
rCold    . . .     Gourm    .   c - +0 shield
rNeg     . . .     Faith    .   n - +0 ring mail
rPois    +         Spirit   .   (no helmet)
rElec    .         Reflect  .   (no cloak)
rCorr    .         Harm     .   (no gloves)
MR       +....                  (no barding)
Stlth    +.........             l - amulet of rage
HPRegen  0.14/turn              m - ring of protection from magic
MPRegen  0.09/turn              (no ring)

@: mighty, very slow
A: large, see invisible, deformed body, poison resistance, slowness 2, slow
metabolism 1, spit poison 1, AC +1
a: Spit Poison, Evoke Berserk Rage


You were on level 4 of the Dungeon.
You were not hungry.

You visited 1 branch of the dungeon, and saw 4 of its levels.

You collected 116 gold pieces.

Inventory:

Hand Weapons
 a - a +1 war axe (weapon)
Missiles
 k - 7 javelins of penetration (quivered)
Armour
 c - a +0 shield (worn)
 n - a +0 ring mail (worn)
Jewellery
 l - an amulet of rage (around neck)
 m - a ring of protection from magic (left hand)
Scrolls
 b - 2 scrolls of teleportation
 g - a scroll of remove curse
 h - a scroll of amnesia {unknown}
 j - 3 scrolls of identify
Potions
 d - a potion of might
 e - a potion of mutation {unknown}
Comestibles
 f - 5 rations


   Skills:
 - Level 3.0 Fighting
 + Level 3.2 Axes
 + Level 3.2 Armour
 + Level 1.0 Stealth
 + Level 3.1 Shields


You had 3 spell levels left.
You didn't know any spells.

Dungeon Overview and Level Annotations

Branches:
Dungeon (4/15)
 Temple: D:4-7

Altars:
Cheibriados

Portals:
Ossuary: D:4


Innate Abilities, Weirdness & Mutations

You cannot wear boots.
Your serpentine skin is tough. (AC +1)
You have supernaturally acute eyesight. (SInv)
Armour fits poorly on your strangely shaped body.
Your system is resistant to poisons. (rPois)
You cover ground very slowly.
You have a slow metabolism.
You can spit poison.


Message History

As you open the door, it creaks loudly!
A mummy comes into view.
Found a sand-covered staircase.
You block the mummy's attack.
There is an open door here.
You hit the mummy but do no damage. The mummy hits you!
Press: ? - help, Shift-Dir - straight line, f - mummy
Aim: a mummy The splash of poison hits the mummy.
The mummy completely resists.
You feel slightly more hungry. The mummy hits you!
You hit the mummy.
The mummy is lightly damaged.
You block the mummy's attack.
You feel very mighty all of a sudden.
You hit the mummy but do no damage. The mummy hits you!
* * * LOW HITPOINT WARNING * * *
You barely miss the mummy.
You have got your breath back.
The mummy hits you!
You die...

#.........##.'.#
.........#.###.#
..###..##..##.#
##..###...#.#
#..##.'.....##
##..###...#..#
..#
##..##..##..#
...##
##..#.###..##
#...#.
##..##M@...#
#....
##..###....#
#...
##..##.#...#
##.. #..#.#...#
.##... #....#..#
...... #... ...#
...... #......#
#..##. ... # #$
#.


You could see a mummy.

Vanquished Creatures
  3 adders
  An ooze (D:1)
  2 worms (D:3)
  5 dart slugs
  A leopard gecko (D:1)
  2 ball pythons
  6 bats
  5 giant cockroaches
  5 goblins
  10 hobgoblins
  3 kobolds
  2 quokkas (D:3)
  4 frilled lizards
  A goblin zombie (D:4)
  A kobold zombie (D:4)
  8 rats
59 creatures vanquished.

Notes
Turn   | Place    | Note
-------+----------+-------------------------------------------
     0 | D:1      | KristoblXynda the Naga Fighter began the quest for the Orb.
     0 | D:1      | Reached XP level 1. HP: 21/21 MP: 1/1
    24 | D:1      | Reached XP level 2. HP: 24/28 MP: 2/2
   358 | D:1      | Reached XP level 3. HP: 15/34 MP: 3/3
   982 | D:1      | You fall through a shaft!
  1557 | D:2      | Reached XP level 4. HP: 26/42 MP: 4/4
  2334 | D:3      | Reached skill level 1 in Stealth
  2555 | D:3      | Found a snail-covered altar of Cheibriados.
  2683 | D:4      | Found a sand-covered staircase.
  2689 | D:4      | HP: 2/42 [mummy (13)]
  2690 | D:4      | Mangled by a mummy

Vault maps used:
D:1:      mrwooster_arrival_arrow, minmay_tromino_i4
D:3:      kennysheep_slug_shrine
D:4:      first_ration, nicolae_ossuary_entry_giza

Skill      XL: |  1  2  3  4 |
---------------+-------------+-----
Shields        | 3 |  3.1
Armour         | 3 |  3.2
Axes           | 3 |  3.2
Stealth        | 1 |  1.0
Fighting       | |  3.0

Action                   |  1- 3 |  4- 6 || total
-------------------------+-------+-------++-------
Melee: War axe           |   121 |    62 ||   183
 Abil: Spit Poison       |     5 |     7 ||    12
  Use: Scroll            |     2 |     4 ||     6
       Potion            |       |     1 ||     1
  Eat: Ration            |     1 |       ||     1
       Chunk             |       |     2 ||     2
Armor: Scale mail        |    43 |       ||    43
       Ring mail         |    13 |    19 ||    32
Dodge: Dodged            |    24 |    21 ||    45
Block: Shield            |    65 |    29 ||    94

Table legend:
 A = Spawn XP
 B = Non-spawn XP
 C = Spawn XP percentage of total XP
 D = Spawn monster count
 E = Non-spawn monster count
 F = Spawn count percentage of total count
 G = Total turns spent on level
                    A         B        C        D         E        F      G
               +---------+---------+-------+---------+---------+-------+---------
         Total |       0 |     154 |   0.0 |       0 |      59 |   0.0 |  2690
               +---------+---------+-------+---------+---------+-------+---------
           D:1 |       0 |      59 |   0.0 |       0 |      28 |   0.0 |  1171
           D:2 |       0 |      48 |   0.0 |       0 |      15 |   0.0 |   819
           D:3 |       0 |      45 |   0.0 |       0 |      14 |   0.0 |   643
           D:4 |       0 |       2 |   0.0 |       0 |       2 |   0.0 |    57
               +---------+---------+-------+---------+---------+-------+---------
